 Dungeon Crawl Stone Soup version 0.21.1-1-g345015f (webtiles) character file.

12 Flooderbenga the Grave Robber (level 2, -1/20 HPs)
             Began as a Gnoll Necromancer on Apr 7, 2018.
             Slain by a hobgoblin (4 damage)
             ... on level 1 of the Dungeon.
             The game lasted 00:03:35 (115 turns).

Flooderbenga the Grave Robber (Gnoll Necromancer)    Turns: 115, Time: 00:03:36

Health: -1/20      AC:  3    Str: 10    XL:     2   Next: 33%
Magic:  0/7        EV: 14    Int: 17    God:
Gold:   61         SH:  0    Dex: 15    Spells: 9/10 levels left

rFire    . . .     SeeInvis .   (no weapon)
rCold    . . .     Gourm    .   (no shield)
rNeg     . . .     Faith    .   a - +1 robe
rPois    .         Spirit   .   (no helmet)
rElec    .         Reflect  .   (no cloak)
rCorr    .         Harm     .   (no gloves)
MR       .....                  (no boots)
Stlth    +++.......             (no amulet)
HPRegen  0.06/turn              (no ring)
MPRegen  0.10/turn              (no ring)

@: no status effects
A: distributed training, fangs 1, strong nose
a: no special abilities


You were on level 1 of the Dungeon.
You were not hungry.

You visited 1 branch of the dungeon, and saw 1 of its levels.

You collected 61 gold pieces.

Inventory:

Missiles
 f - 23 stones (quivered)
Armour
 a - a +1 robe (worn)
Potions
 d - a potion of heal wounds {unknown}
 e - a potion of agility {unknown}
Books
 b - a book of Necromancy

   Spells                             Type                      Level
   a - Pain                           Necromancy                   1
   b - Animate Skeleton               Necromancy                   1
   c - Vampiric Draining              Necromancy                   3
   d - Regeneration                   Charms/Necromancy            3
   e - Animate Dead                   Necromancy                   4
   f - Borgnjor's Vile Clutch         Necromancy/Earth             5
Comestibles
 c - 2 rations


   Skills:
 + Level 0.3 Fighting
 + Level 0.3 Short Blades
 + Level 0.3 Long Blades
 + Level 0.3 Axes
 + Level 0.3 Maces & Flails
 + Level 0.3 Polearms
 + Level 0.3 Staves
 + Level 0.3 Slings
 + Level 0.3 Bows
 + Level 0.3 Crossbows
 + Level 0.3 Throwing
 + Level 0.3 Armour
 + Level 4.4 Dodging
 + Level 4.0 Stealth
 + Level 0.3 Shields
 + Level 0.3 Unarmed Combat
 + Level 4.9 Spellcasting
 + Level 0.2 Conjurations
 + Level 0.2 Hexes
 + Level 0.2 Charms
 + Level 0.2 Summonings
 + Level 7.0 Necromancy
 + Level 0.2 Translocations
 + Level 0.2 Transmutations
 + Level 0.2 Fire Magic
 + Level 0.2 Ice Magic
 + Level 0.2 Air Magic
 + Level 0.2 Earth Magic
 + Level 0.2 Poison Magic
 + Level 0.4 Invocations
 + Level 0.3 Evocations


You had 9 spell levels left.
You knew the following spells:

 Your Spells              Type           Power        Failure   Level  Hunger
a - Pain                  Necr           ####         1%          1    None


Dungeon Overview and Level Annotations

Branches:
Dungeon (1/15)

Altars:


Innate Abilities, Weirdness & Mutations

Your experience applies equally to all skills.
You have very sharp teeth.
Your uncanny sense of smell can sniff out nearby items.


Message History

Found 11 gold pieces and a scroll labeled VUGHIS GARCHOH.
The bat hits you but does no damage.
Okay, then.
The bat closely misses you.
You see here 11 gold pieces.
You don't have enough magic to cast that spell.
The bat hits you but does no damage.
Aim: a bat (chance to defeat MR: 93%)
The bat writhes in agony!
You kill the bat!
You take 1 damage, and have 4/20 hp.
You now have 0/7 mp.
You see here a scroll labeled VUGHIS GARCHOH.
As you read the scroll labeled VUGHIS GARCHOH, it crumbles to dust.
It is a scroll of enchant armour.
Your +0 robe glows green for a moment.
The hobgoblin hits you.
* * * LOW HITPOINT WARNING * * *
You take 2 damage, and have 3/20 hp.
A frilled lizard comes into view.
The hobgoblin hits you.
You die...

.≈≈≈....# P≈.P....#
........# ........+
........# ........# #
........# # ..
........### ####.##.##
..........##
#.@.......
......###..##
#g##..###.
......#.#...###g#...#∆
......##.##g.##.$.# .#
........#.#...#...# ..
####....##.##g..##.#
.. ##.....#)#...# #..
l ##....##)###.# ...
##.....#.( #.. ..#


You could see a hobgoblin, a goblin and a frilled lizard (wandering).

Vanquished Creatures
  A dart slug (D:1)
  3 bats (D:1)
  2 hobgoblins (D:1)
  3 kobolds (D:1)
9 creatures vanquished.

Notes
Turn   | Place    | Note
-------+----------+-------------------------------------------
     0 | D:1      | Flooderbenga the Gnoll Necromancer began the quest for the Orb.
     0 | D:1      | Reached XP level 1. HP: 13/13 MP: 6/6
    92 | D:1      | Reached XP level 2. HP: 14/19 MP: 4/7
   115 | D:1      | Slain by a hobgoblin

Action                   || total
-------------------------++-------
Melee: Unarmed           ||     1
       Bite              ||     1
 Cast: Pain              ||    14
  Use: Scroll            ||     1
Armor: Robe              ||     6
Dodge: Dodged            ||     8
